 Dungeon Crawl Stone Soup version 0.28.0-53-g5a82cb258f (webtiles) character file.

Game seed: 7041231859550743474

14 shadowstone the Ducker (level 2, 0/11 HPs)
             Began as a Felid Venom Mage on June 5, 2022.
             Succumbed to an adder's poison
             ... on level 2 of the Dungeon.
             The game lasted 00:05:18 (1589 turns).

shadowstone the Ducker (Felid Venom Mage)           Turns: 1589, Time: 00:05:18

Health: 0/11       AC:  1    Str:  4    XL:     2   Next: 27%
Magic:  6/6        EV: 17    Int: 16    God:
Gold:   54         SH:  0    Dex: 16    Spells: 4/5 levels left
                                        Lives:  0   Deaths: 0

rFire   . . .      SeeInvis +   (weapon unavailable)
rCold   . . .      Faith    .   (shield unavailable)
rNeg    . . .      Spirit   .   (armour unavailable)
rPois   .          Reflect  .   (helmet unavailable)
rElec   .          Harm     .   (cloak unavailable)
rCorr   .          Rampage  .   (gloves unavailable)
Will    .....                   (boots unavailable)
Stlth   ++........              (no amulet)
HPRegen 0.03/turn               (no ring)
MPRegen 0.10/turn               (no ring)

@: lethally poisoned (0 -> -1), quick
A: very small, claws 1, fangs 3, see invisible, speed 1, shaggy fur 1, stealthy
paws, no weapons or thrown items, no armour, multi-lived
a: no special abilities


You were on level 2 of the Dungeon.
You visited 1 branch of the dungeon, and saw 2 of its levels.

You collected 54 gold pieces.

Inventory:

Scrolls
 a - a scroll of amnesia {unknown}
Potions
 b - a potion of berserk rage {unknown}
 c - a potion of heal wounds {unknown}


   Skills:
 + Level 3.1 Dodging
 + Level 2.7 Stealth
 + Level 0.4 Unarmed Combat
 + Level 2.1 Spellcasting
 + Level 1.1 Transmutations
 + Level 3.0 Poison Magic


You had 4 spell levels left.
You knew the following spells:

 Your Spells              Type           Power      Damage    Failure   Level
a - Sting                 Tmut/Pois      32%        1d4       9%          1

Your spell library contained the following spells:

 Spells                   Type           Power      Damage    Failure   Level
 Poisonous Vapours        Pois/Air       12%        N/A       17%         2
 Mephitic Cloud           Conj/Pois/Air  4%         N/A       38%         3
 Olgreb's Toxic Radiance  Pois           11%        N/A       52%         4


Dungeon Overview and Level Annotations

Branches:
Dungeon (2/15)

Altars:

Shops:
D:1 [


Innate Abilities, Weirdness & Mutations

You have sharp claws.
You have razor-sharp teeth.
You have supernaturally acute eyesight. (SInv)
You cover ground quickly. (Speed+)
You are covered in fur. (AC +1)
Your paws help you pounce on unaware monsters.
You are incapable of wielding weapons or throwing items.
You cannot wear armour.
You gain extra lives every three experience levels.


Message History

You pounce on the unaware helpless ball python!
You claw the ball python!
You kill the ball python!
c - a fuming grey potion You open the door.
There is an open door here.
A goblin comes into view. It is wielding a +0 club.
You scratch the goblin.
The goblin is severely wounded.
The goblin completely misses you.
You scratch the goblin.
You kill the goblin!
Things that are here:
a +0 club; a goblin corpse An adder comes into view.
The adder bites you.
You are lethally poisoned!
The adder poisons you!
You closely miss the adder.
You feel sick. The adder misses you. x2
You scratch the adder.
The adder is moderately wounded.
You feel sick. The adder misses you.
You scratch the adder.
The adder is heavily wounded.
You feel sick. The adder barely misses you.
You miss the adder.
The adder is heavily wounded.
* * * LOW HITPOINT WARNING * * *
You feel sick. The adder closely misses you. x2
You miss the adder.
The adder is heavily wounded.
* * * LOW HITPOINT WARNING * * *
You feel sick. The adder misses you.
You scratch the adder but do no damage.
The adder is heavily wounded.
* * * LOW HITPOINT WARNING * * *
You feel sick. The adder completely misses you.
You scratch the adder.
The adder is almost dead.
You die...

#.#.#..
#.#.#########
#.#.........#
#.#########.#
#.# #.# #.#
#.# #.# #.#
#S# #.# #@#
#.# #.# #.#
#.#########.#
#...........#
#############


You could see an adder.

Vanquished Creatures
  2 ball pythons (D:2)
  3 endoplasms
  A giant cockroach (D:1)
  2 goblins
  4 bats (D:1)
  A kobold (D:2)
13 creatures vanquished.

Notes
Turn   | Place    | Note
-------+----------+-------------------------------------------
     0 | D:1      | shadowstone the Felid Venom Mage began the quest for the
                  | Orb.
     0 | D:1      | Reached XP level 1. HP: 7/7 MP: 4/4
   709 | D:1      | Found Siduerat's Antique Armour Emporium.
  1196 | D:2      | Reached XP level 2. HP: 11/11 MP: 6/6
  1589 | D:2      | Succumbed to an adder's poison

Illustrated notes

Levels and vault maps discovered:
D:1:      onia_arrival_mini_maze_b, layout_basic, serial_shops, shop
D:2:      layout_basic

Skill      XL: |  1  2 |
---------------+-------+-----
Dodging        | 3 |  3.1
Poison Magic   | 3 |  3.0
Stealth        | |  2.7
Unarmed Combat | |  0.4
Spellcasting   | |  2.1
Transmutations | |  1.1

Action                   || total
-------------------------++-------
Melee: Unarmed           ||    33
       Bite              ||     6
 Cast: Sting             ||     3
  Use: Potion            ||     1
 Stab: Sleeping          ||     4
Armor: Skin              ||     5
Dodge: Dodged            ||    31
